 Dungeon Crawl Stone Soup version 0.31-a0-879-g1609e0ac53 (webtiles) character file.

Game seed: 1062313005769635580

28 protoss039 the Digger (level 3, 26/26 HPs)
             Began as a Demonspawn Earth Elementalist on Oct 14, 2023.
             Got out of the dungeon alive.
             The game lasted 00:02:04 (1070 turns).

protoss039 the Digger (DsEE)                        Turns: 1070, Time: 00:02:04

Health: 26/26      AC:  2    Str:  8    XL:     3   Next: 0%
Magic:  5/6        EV: 12    Int: 18    God:
Gold:   167        SH:  0    Dex: 13    Spells: 3/6 levels left

rFire   . . .        c - +0 dagger
rCold   . . .        (no shield)
rNeg    . . .        a - +0 robe
rPois   .            (no helmet)
rElec   .            (no cloak)
rCorr   .            (no gloves)
SInv    .            (no boots)
Will    .....        (no amulet)
Stlth   ++           (no ring)
HPRegen 0.24/turn    (no ring)
MPRegen 0.10/turn

%: no passive effects
@: no status effects
A: ignite blood 1, powered by pain 1
a: no special abilities


You escaped.
You visited 1 branch of the dungeon, and saw 2 of its levels.

You collected 167 gold pieces.

Inventory:

Hand Weapons
 c - a +0 dagger (weapon)
Armour
 a - a +0 robe (worn)
 f - a +0 leather armour
 n - a +0 buckler
Talismans
 l - a granite talisman
Scrolls
 d - a scroll of fog {unknown}
 g - a scroll of poison {unknown}
 i - a scroll of enchant armour {unknown}
 j - a scroll of acquirement {unknown}
 k - 2 scrolls of teleportation {unknown}
 m - a scroll of noise {unknown}
 o - a scroll of summoning {unknown}
 p - a scroll of blinking {unknown}
Potions
 b - a potion of magic
 e - a potion of invisibility {unknown}
 h - a potion of curing {unknown}


   Skills:
 + Level 1.1 Fighting
 - Level 1.9 Dodging
 - Level 1.9 Stealth
 + Level 2.4 Spellcasting
 - Level 1.0 Transmutations
 + Level 3.0 Earth Magic


You had 3 spell levels left.
You knew the following spells:

 Your Spells              Type           Power      Damage    Failure   Level
a - Sandblast             Erth           26%        2d8       4%          1
b - Passwall              Tmut/Erth      7%         N/A       11%         2

Your spell library contained the following spells:

 Spells                   Type           Power      Damage    Failure   Level
 Stone Arrow              Conj/Erth      14%        3d7       28%         3
 Petrify                  Tmut/Erth      9%         N/A       58%         4
 Brom's Barrelling Bould  Conj/Erth      7%         2d3       67%         4


Dungeon Overview and Level Annotations

Branches:
Dungeon (2/15) Zot: 10912

Altars:
Cheibriados

Shops:
D:1 *

Annotations:
D:2 Robin


Innate Abilities, Weirdness & Mutations

Your demonic aura sometimes causes spilled blood to erupt in flames.
You sometimes gain a little power by taking damage.


Message History

Confirm with . or Enter, or press ? or * to list all spells.
Aiming: Sandblast (safe; 6% risk of failure)
Press: ? - help, Shift-Dir - straight line, f - rat
Aim: a rat (82% to hit)
The blast of sand hits the rat.
You kill the rat!
Unknown command.
You now have 167 gold pieces (gained 8).
A goblin comes into view. It is wielding a +0 dagger.
Found a stone staircase leading down.
A goblin is nearby!
A goblin is nearby! 2 goblins come into view.
The goblin shouts!
You hear a shout!
You hear an angry hiss.
You hear a shout! x2
Robin of the Strong Arm comes into view.
They are wielding a +0 mace.
A hobgoblin comes into view.
The hobgoblin shouts!
Unknown command.
Found a murky cyan potion.
You hear a shout! x3
A goblin comes into view. It is wielding a +0 club.
There is a stone staircase leading up here.
A goblin is nearby!
Casting: Sandblast (safe; 6% risk of failure)
Confirm with . or Enter, or press ? or * to list all spells.
Aiming: Sandblast (safe; 6% risk of failure)
Press: ? - help, Shift-Dir - straight line, f - goblin
Aim: a goblin, wielding a +0 dagger (77% to hit)
The blast of sand hits the goblin!
You kill the goblin!
You have reached level 3!
Your experience leads to an increase in your attributes!
Increase (S)trength, (I)ntelligence, or (D)exterity?
You feel clever. x2; Your demonic ancestry asserts itself...
You feel energised by your suffering.
Unknown command.
You climb upwards.
There is a stone staircase leading down here.
There is a staircase leading out of the dungeon here.
You have escaped!

##..# ##....# #...# ## ##..##
##...## #...# #. #...# ###.....#
##...# #. # ####.###
##.......###....# #.
#####......###..###....##....###.
..##..###.......######..#....##..
#.>#.## #........#####...........
.#...####...#......#...##..######
...#...##.####..@.....##...##
##.######..# ##......###....#####
#..# #.## ###..#####.#..>....
##†# ###.## #.#.###...#.######
#.## #....####....#....#.## ###
#..# ###.###..............###..
##.# #....##......###..........
#.# #.........................
####.###......#.#######..........


There were no monsters in sight!

Vanquished Creatures
  A dart slug (D:1)
  2 endoplasms
  2 giant cockroaches (D:1)
  4 goblins
  A hobgoblin (D:1)
  2 jackals (D:2)
  2 kobolds (D:1)
  2 quokkas (D:1)
  3 ball pythons
  A frilled lizard (D:2)
  4 rats
24 creatures vanquished.

Notes
Turn   | Place    | Note
-------+----------+-------------------------------------------
     0 | D:1      | protoss039 the Demonspawn Earth Elementalist began the
                  | quest for the Orb.
     0 | D:1      | Reached XP level 1. HP: 13/13 MP: 3/3
    24 | D:1      | Reached skill level 1 in Transmutations
   198 | D:1      | Gained mutation: Your demonic aura sometimes causes spilled
                  | blood to erupt in flames. [demonic ancestry]
   198 | D:1      | Reached XP level 2. HP: 18/19 MP: 1/5
   413 | D:1      | Found Wuneve's Assorted Antiques.
   790 | D:1      | Found a faded altar of an unknown god.
   790 | D:1      | Noticed a hellwing
   835 | D:1      | Reached skill level 3 in Earth Magic
   920 | D:1      | Learned a level 2 spell: Passwall
   921 | D:2      | Found a snail-covered altar of Cheibriados.
   930 | D:2      | Reached skill level 1 in Fighting
  1025 | D:2      | Noticed Robin
  1055 | D:2      | Gained mutation: You sometimes gain a little power by
                  | taking damage. [demonic ancestry]
  1055 | D:2      | Reached XP level 3. HP: 26/26 MP: 4/6
  1070 | D:$      | Got out of the dungeon alive.

Illustrated notes

Levels and vault maps discovered:
D:1:      dpeg_arrival_arbitrary_b, layout_rooms, serial_shops, shop_fountains,
          dreamdust_ecumenical_altar_sealed_demon, minmay_gold_behind_fungi,
          kennysheep_small_spiral, hangedman_decor_diamond_cutter,
          minmay_misc_feat_chi, minmay_tromino_v4_c
D:2:      layout_rooms, basic_altar, serial_shops,
          nicolae_shop_tiny_statue_garden, uniq_robin

Skill      XL: |  1  2 |
---------------+-------+-----
Transmutations | 1 |  1.0
Earth Magic    | 3 |  3.0
Fighting       | 1 |  1.1
Dodging        | |  1.9
Stealth        | |  1.9
Spellcasting   | |  2.4

Action                     || total
---------------------------++-------
  Melee: Dagger            ||     3
   Cast: Sandblast         ||    35
 Armour: Robe              ||    11
  Dodge: Dodged            ||     8

Table legend: (Time is in decaauts)
 A = Elapsed time spent in this place.
 B = Non-inter-level travel time spent in this place.
 C = Inter-level travel time spent in this place.
 D = Time resting spent in this place.
 E = Time spent auto-exploring this place.
 F = Levels seen in this place.
 G = Mean time per level.
                   A        B        C        D        E       F      G
               +--------+--------+--------+--------+--------+-----+--------+
         Total |   1087 |   1057 |     30 |      0 |    847 |   2 |  543.5 |
       Dungeon |   1087 |   1057 |     30 |      0 |    847 |   2 |  543.5 |
               +--------+--------+--------+--------+--------+-----+--------+

Top non-repeatable levels by time:
     D:1: 949 daAuts
     D:2: 138 daAuts
